 Dungeon Crawl Stone Soup version 0.17-a0-1403-g9df874c (webtiles) character file.

175400 onwiheg the Severer (level 18, -4/178 HPs)
             Began as a Hill Orc Berserker on June 19, 2015.
             Was the Champion of Trog.
             Blown up by an orb spider (37 damage)
             ... with an orb of destruction
             ... on level 4 of the Spider Nest on June 20, 2015.
             The game lasted 02:54:02 (30390 turns).

onwiheg the Severer (Hill Orc Berserker)           Turns: 30390, Time: 02:54:02

Health: -4/178     AC: 48    Str: 25    XL:     18   Next: 9%
Magic:  18/18      EV: 18    Int: 10    God:    Trog [******]
Gold:   2279       SH:  0    Dex: 21    Spells: 0 memorised, 17 levels left

rFire  + . .     SeeInvis .     b - +6 executioner's axe (freeze)
rCold  + . .     Clarity  +     F - +8 orange crystal plate armour {Archmagi, Int+3 Clar SustAt}
rNeg   + . .     SustAt   +     (no shield)
rPois  +         Gourm    .     n - +2 helmet of Starshine {rPois Dex+5}
rElec  +         Spirit   .     L - +4 cloak of Trog's Generosity {rElec rC+}
rCorr  +         Warding  .     B - +0 pair of gloves {rF+}
rMut   .         Stasis   .     J - +2 pair of boots {run}
MR     ++...                    p - amulet of Ekovoimi {rCorr MR+ Str+3}
Stlth  ..........               f - ring of protection from fire
                                I - ring of Leaqedd {rF- rN+ EV+5 Slay+2}

@: quick, very resistant to hostile enchantments, extremely unstealthy
A: no striking features
a: Burn Spellbooks, Berserk, Trog's Hand, Brothers in Arms, Renounce Religion


You were on level 4 of the Spider Nest.
You worshipped Trog.
Trog was exalted by your worship.
You were not hungry.

You visited 4 branches of the dungeon, and saw 31 of its levels.
You visited 1 bazaar.
You also visited: Labyrinth, Ice Cave and Volcano.

You collected 4430 gold pieces.
You spent 2151 gold pieces at shops.

Inventory:

Hand weapons
 b - a +6 executioner's axe of freezing (weapon)
 e - the +4 broad axe of Resourcefulness {flame, rF++ Str+4}
   (Trog gifted it to you on level 5 of the Lair of Beasts)

   It has been specially enchanted to burn those struck by it, causing extra
   injury to most foes and up to half again as much damage against particularly
   susceptible opponents.
   Big, fiery blades are also staple armaments of hydra-hunters.
   It affects your strength (+4).
   It greatly protects you from fire.
 i - a +2 antimagic war axe
 D - a +2 antimagic battleaxe
Missiles
 g - 12 javelins (quivered)
Armour
 a - the +1 chain mail of the Loofah {rN+ MR- Slay+3 Stlth+}
   (You found it on level 6 of the Lair of Beasts)

   It affects your accuracy and damage with ranged weapons and melee attacks
   (+3).
   It protects you from negative energy.
   It affects your resistance to hostile enchantments.
   It makes you more stealthy.
 n - the +2 helmet of Starshine (worn) {rPois Dex+5}
   (You bought it in a shop on level 2 of the Orcish Mines)

   It affects your dexterity (+5).
   It protects you from poison.
 B - a +0 pair of gloves of fire resistance (worn)
 F - the +8 orange crystal plate armour (worn) {Archmagi, Int+3 Clar SustAt}
   (You found it on level 4 of the Spider Nest)

   It affects your intelligence (+3).
   It sustains your strength, intelligence and dexterity.
   It protects you against confusion.
 J - a +2 pair of boots of running (worn)
 L - the +4 cloak of Trog's Generosity (worn) {rElec rC+}
   (You bought it in a shop on level 4 of the Orcish Mines)

   It protects you from cold.
   It insulates you from electricity.
Jewellery
 f - a ring of protection from fire (right hand)
 p - the amulet of Ekovoimi (around neck) {rCorr MR+ Str+3}
   (You found it on level 8 of the Lair of Beasts)

   [amulet of resist corrosion]

   It protects you from acid and corrosion.
   It affects your strength (+3).
   It affects your resistance to hostile enchantments.
 v - an uncursed ring of positive energy
 I - the ring of Leaqedd (left hand) {rF- rN+ EV+5 Slay+2}
   (You found it on level 5 of the Dungeon)

   [ring of evasion]

   It affects your evasion (+5).
   It affects your accuracy and damage with ranged weapons and melee attacks
   (+2).
   It makes you vulnerable to fire.
   It protects you from negative energy.
Magical devices
 z - a wand of lightning (4)
 A - a wand of teleportation (7)
 N - a wand of teleportation (6)
 V - a wand of fire (7)
 W - a wand of polymorph (8)
 Y - a wand of disintegration (7)
Scrolls
 k - a scroll of immolation
 m - 2 scrolls of recharging
 o - a scroll of enchant weapon
 r - 7 scrolls of fog
 s - a scroll of noise
 t - 8 scrolls of teleportation
 x - 6 scrolls of magic mapping
 y - a scroll of enchant armour {unknown}
Potions
 c - 5 potions of heal wounds
 h - 5 potions of resistance
 j - 15 potions of curing
 l - 3 potions of berserk rage {unknown}
 q - a potion of experience {unknown}
 u - 6 potions of flight
 E - a potion of brilliance {unknown}
Comestibles
 d - 8 meat rations
 w - a beef jerky


   Skills:
 - Level 20.0 Fighting
 - Level 20.0 Axes
 + Level 18.0 Armour
 - Level 11.0 Dodging


You had 17 spell levels left.
You didn't know any spells.

Dungeon Overview and Level Annotations

Branches:
Dungeon (15/15)            Temple (0/1) D:6            Lair (8/8) D:10
 Shoals (0/4) Lair:4       Spider (4/4) Lair:4        Slime (0/6) Lair:7
    Orc (4/4) D:10            Elf (0/3) Orc:3        Vaults (0/5) D:14
 Depths (0/5) D:15

Altars:
Ashenzari
Dithmenos
Gozag
Makhleb
Qazlal
Vehumet
Zin
The Shining One

Shops:
D:7 *[*(   D:12 (   D:15 :   Orc:2 [   Orc:4 ([(*=:([


Message History

The orb spider is almost dead.
Throwing (i - inventory):
g - 15 javelins (quivered)
Press: ? - help, Shift-Dir - straight line, f/p - orb spider
Aim: an orb spider (almost dead, poisoned)
You throw a javelin. The javelin hits the orb spider!!
You kill the orb spider!
Trog accepts your kill.
The orb spider weaves a glowing orb of energy.
Throwing (i - inventory):
g - 14 javelins (quivered)
Press: ? - help, Shift-Dir - straight line, f - orb spider
Aim: an orb spider You throw a javelin.
The javelin hits the orb spider!
The orb spider is moderately wounded.
Throwing (i - inventory):
g - 13 javelins (quivered)
Press: ? - help, Shift-Dir - straight line, f/p - orb spider
Aim: an orb spider (moderately wounded)
You throw a javelin. The javelin hits the orb spider.
The orb spider is heavily wounded.
The orb of destruction hits you!
You die...

..........#.....^###
...[...#.....(...#
................^#
.......†..(......#
..........#.^....#
^.....#.....#.(((##
.................^#
...<...^..........#
................@§##
...............§.§§#
#..............§.§§#
^^.^..........s(...#
....#(.............+
.^.....#^^.....†..^+
.#....(...........^+
...^........^<.....#
^..................#


You could see an orb spider.

Vanquished Creatures
  Nikola (Spider:2)
  Jorgrun (Spider:2)
  Rupert (D:12)
  Kirke (Lair:5)
  Roxanne (D:14)
  3 ghost moths
  Maud (D:11)
  Aizul (Spider:3)
  An orc warlord (Orc:4)
  An angel (D:14)
  2 emperor scorpions
  A very ugly thing (D:14)
  A stone giant (D:14)
  A war gargoyle (D:12)
  The ghost of asdu the Grappler, a powerful CeMo of Okawaru (Lair:8)
  Snorg (D:11)
  An ettin (D:15)
  A minotaur (Lab)
  2 ice dragons (IceCv)
  10 hydras
  Harold (Orc:2)
  A catoblepas (Lair:6)
  Erolcha (D:8)
  24 death yaks
  A salamander stormcaller (D:14)
  3 tengu warriors
  A centaur warrior (D:14)
  Urug (Orc:3)
  2 orc high priests (Orc:4)
  2 deep elf knights (D:15)
  Sonja (D:11)
  Nergalle (Orc:1)
  4 skeletal warriors (D:12)
  3 unseen horrors
  2 ice statues (IceCv)
  4 hill giants
  Pikel (D:5)
  2 wolf spider zombies
  12 wolf spiders
  8 orb spiders
  A wizard (D:14)
  4 orc knights (Orc:4)
  4 cyclopes (D:14)
  2 griffons
  8 ugly things
  2 hornets
  An orc sorcerer (Orc:4)
  19 elephants
  Maurice (Orc:1)
  4 centaur zombies
  26 spiny frogs
  4 black mambas
  Psyche (D:11)
  9 gargoyles
  A torpor snail (Spider:2)
  3 kobold demonologists (D:14)
  11 demonic crawlers
  An efreet (D:14)
  9 komodo dragons
  4 fire drakes
  A freezing wraith (D:15)
  8 slime creatures (D:14)
  3 two-headed ogres
  15 jumping spiders
  6 trolls
  2 tengu conjurers (D:14)
  36 blink frogs
  A giant leech (Lair:8)
  Grinder (D:6)
  2 flying skulls (Volcano)
  A shadow (D:14)
  9 tarantellas
  A trapdoor spider zombie (D:14)
  6 wyverns
  12 trapdoor spiders
  3 deep elf magi
  42 yaks
  30 redbacks
  A wraith (D:14)
  Eustachio (D:5)
  10 basilisks
  2 steam dragons (D:8)
  3 fire bats (Orc:3)
  A golden eye (Lair:7)
  4 hogs (Lair:5)
  2 hungry ghosts
  3 wargs
  A human (Lair:5)
  6 vampire mosquitoes
  A mottled dragon (D:14)
  A soldier ant (shapeshifter) (D:13)
  A warg (shapeshifter) (D:15)
  23 hippogriffs
  A hell hound (Lair:5)
  2 eyes of draining
  19 porcupines
  Duvessa (D:7)
  8 wolves
  32 orc warriors
  A wasp (Spider:1)
  2 phantoms
  2 soldier ants
  19 water moccasins
  25 spiders
  4 slaves (D:5)
  4 sky beasts
  A black bear (D:11)
  5 boggarts (D:15)
  11 ogres
  26 ice beasts
  A necrophage (D:7)
  17 crocodiles
  2 brain worms
  2 big kobolds (D:14)
  14 centaurs
  Dowan (D:7)
  30 giant frogs
  A wyvern skeleton (D:12)
  11 killer bees
  4 scorpions
  20 wights
  4 electric eels (Lair:8)
  7 crimson imps
  3 giant frog zombies
  3 jellies
  2 gnoll shamans
  9 hounds
  2 giant frog skeletons
  36 orc wizards
  Crazy Yiuf (D:3)
  23 orc priests
  Ijyb (D:3)
  12 iguanas
  7 centaur skeletons
  Terence (D:2)
  14 worker ants
  7 hell rats (Lair:4)
  11 sheep
  2 killer bee zombies
  3 mummies (Volcano)
  16 gnolls
  10 adders
  2 shadow imps
  93 river rats
  An ooze (D:6)
  2 worms (D:2)
  4 giant geckos
  151 orcs
  3 bat skeletons
  7 giant cockroaches
  11 hobgoblins
  10 jackals
  16 kobolds
  11 quokkas
  A ball python skeleton (D:4)
  14 bats
  4 giant newts
  24 goblins
  A quokka zombie (D:7)
  19 rats
  18 fungi
  3 plants
1297 creatures vanquished.

Vanquished Creatures (others)
  A big kobold (D:14)
  A goblin (Orc:2)
  A jackal (D:5)
  A bush (Lair:5)
  3 fungi
  3 plants (Lair:8)
10 creatures vanquished.

Grand Total: 1307 creatures vanquished

Notes
Turn   | Place    | Note
--------------------------------------------------------------
     0 | D:1      | onwiheg the Hill Orc Berserker began the quest for the Orb.
     0 | D:1      | Reached XP level 1. HP: 19/19 MP: 1/1
   195 | D:1      | Reached XP level 2. HP: 20/26 MP: 2/2
   218 | D:1      | Reached skill level 5 in Axes
   581 | D:1      | Acquired Trog's second power
   622 | D:1      | Reached XP level 3. HP: 28/31 MP: 3/3
  1051 | D:2      | Noticed Terence
  1055 | D:2      | Killed Terence
  1055 | D:2      | Reached skill level 6 in Axes
  1055 | D:2      | Reached XP level 4. HP: 23/39 MP: 4/4
  1664 | D:3      | Reached skill level 7 in Axes
  1677 | D:3      | Noticed Ijyb
  1691 | D:3      | Killed Ijyb
  1691 | D:3      | Reached XP level 5. HP: 45/45 MP: 5/5
  1792 | D:3      | Found a burning altar of Makhleb.
  1808 | D:3      | Reached skill level 8 in Axes
  2159 | D:3      | Noticed Crazy Yiuf
  2169 | D:3      | Killed Crazy Yiuf
  2169 | D:3      | Reached XP level 6. HP: 51/51 MP: 6/6
  2529 | D:4      | Reached skill level 9 in Axes
  2586 | D:4      | Got an ancient hand crossbow
  3207 | D:5      | Entered Level 5 of the Dungeon
  3212 | D:5      | Noticed Pikel
  3216 | D:5      | Reached XP level 7. HP: 57/57 MP: 7/7
  3217 | D:5      | Reached skill level 10 in Axes
  3222 | D:5      | Acquired Trog's third power
  3235 | D:5      | Killed Pikel
  3235 | D:5      | Reached skill level 12 in Axes
  3235 | D:5      | Reached XP level 8. HP: 59/64 MP: 8/8
  3331 | D:5      | Got a crude copper ring
  3332 | D:5      | Identified the ring of Leaqedd {rF- rN+ EV+5 Slay+2} (You found it on level 5 of the Dungeon)
  3417 | D:5      | Reached skill level 13 in Axes
  3570 | D:5      | Found an opulent altar of Gozag.
  3752 | D:5      | Noticed Eustachio
  3782 | D:5      | Killed Eustachio
  3782 | D:5      | Reached skill level 14 in Axes
  3849 | D:5      | Reached XP level 9. HP: 26/70 MP: 9/9
  4044 | D:6      | Noticed Grinder
  4071 | D:6      | Paralysed by Grinder for 2 turns
  4083 | D:6      | Killed Grinder
  4117 | D:6      | Found a staircase to the Ecumenical Temple.
  4245 | D:6      | Found a stormy altar of Qazlal.
  4330 | D:6      | Reached skill level 15 in Axes
  4872 | D:7      | Found Gaewiy's Armour Emporium.
  4875 | D:7      | Bought a +0 helmet for 63 gold pieces
  4931 | D:7      | Found Opostouj's Assorted Antiques.
  4940 | D:7      | Bought a shiny pearl ring for 125 gold pieces
  4940 | D:7      | Bought a scroll labeled GEXIXU SESISCHI for 25 gold pieces
  4940 | D:7      | Bought a scroll labeled VOCICL REYTA for 25 gold pieces
  4940 | D:7      | Bought a scroll labeled QIDGHA LUAFEON for 25 gold pieces
  4940 | D:7      | Bought a runed brass ring for 125 gold pieces
  5174 | D:7      | Found Yliobyro's General Store.
  5182 | D:7      | Bought a potion of curing for 39 gold pieces
  5302 | D:7      | Noticed Duvessa
  5304 | D:7      | Found a radiant altar of Vehumet.
  5305 | D:7      | Noticed Dowan
  5316 | D:7      | Killed Duvessa
  5316 | D:7      | Reached skill level 16 in Axes
  5332 | D:7      | Killed Dowan
  5411 | D:7      | Found a shattered altar of Ashenzari.
  5554 | D:7      | Found Texaciv's Antique Weapon Shoppe.
  5610 | D:8      | Found a glowing golden altar of the Shining One.
  5813 | D:8      | Reached XP level 10. HP: 77/77 MP: 10/10
  5835 | D:8      | Reached skill level 17 in Axes
  6088 | D:8      | Noticed a hill giant
  6098 | D:8      | Killed a hill giant
  6098 | D:8      | Received a gift from Trog
  6143 | D:8      | Found a shadowy altar of Dithmenos.
  6150 | D:8      | Noticed Erolcha
  6155 | D:8      | Killed Erolcha
  6155 | D:8      | Reached skill level 18 in Axes
  6442 | D:8      | Found a radiant altar of Vehumet.
  6975 | D:10     | Entered Level 10 of the Dungeon
  6977 | D:10     | Found a staircase to the Orcish Mines.
  7000 | D:10     | Killed an unseen horror
  7000 | D:10     | Reached skill level 19 in Axes
  7243 | D:10     | Found a staircase to the Lair.
  7256 | D:10     | Reached XP level 11. HP: 82/82 MP: 11/11
  7317 | D:10     | Noticed a hill giant
  7324 | D:10     | Killed a hill giant
  7377 | D:10     | Reached skill level 20 in Axes
  7999 | D:10     | Received a gift from Trog
  8000 | D:10     | Got an iridescent battleaxe {god gift}
  8003 | D:10     | Identified the +3 battleaxe of the Key {venom, Str+3 Stlth+} (Trog gifted it to you on level 10 of the Dungeon)
  8112 | Lair:1   | Entered Level 1 of the Lair of Beasts
  8122 | Lair:1   | Reached skill level 5 in Fighting
  9491 | Lair:2   | Noticed a four-headed hydra
 10062 | Lair:3   | Reached skill level 10 in Fighting
 10114 | Lair:3   | Found a frozen archway.
 10149 | Lair:3   | Found a labyrinth entrance.
 10162 | Lab      | Entered a labyrinth
 10194 | Lab      | Reached XP level 12. HP: 108/108 MP: 12/12
 10337 | Lab      | Noticed a minotaur
 10345 | Lab      | Killed a minotaur
 10352 | Lab      | Got a shimmering robe
 10368 | Lab      | Identified the +1 robe of the Lion {rPois Str+2} (You found it in a labyrinth)
 10395 | IceCv    | Entered an ice cave
 10728 | IceCv    | Noticed an ice dragon
 10789 | IceCv    | Noticed an ice dragon
 10793 | IceCv    | Killed an ice dragon
 10797 | IceCv    | Killed an ice dragon
 10871 | IceCv    | Got a wavering bone ring
 10873 | IceCv    | Identified the ring of Ekoqan {MR+ MP+9 Dex+2 Stlth+} (You found it in an ice cave)
 10933 | IceCv    | Received a gift from Trog
 11675 | Lair:4   | Noticed a death yak
 11675 | Lair:4   | Noticed a death yak
 11675 | Lair:4   | Noticed a death yak
 11678 | Lair:4   | Noticed a death yak
 11678 | Lair:4   | Noticed a death yak
 11678 | Lair:4   | Noticed a death yak
 11684 | Lair:4   | Killed a death yak
 11688 | Lair:4   | Killed a death yak
 11689 | Lair:4   | Killed a death yak
 11689 | Lair:4   | Reached skill level 5 in Dodging
 11691 | Lair:4   | Killed a death yak
 11691 | Lair:4   | Reached XP level 13. HP: 65/124 MP: 13/13
 11693 | Lair:4   | Killed a death yak
 11693 | Lair:4   | Received a gift from Trog
 11693 | Lair:4   | Killed a death yak
 11694 | Lair:4   | Got an encrusted great mace {god gift}
 11910 | Lair:4   | Identified the +6 great mace "Newtslayer" {crush, rPois rN+ MR- Dex+2} (Trog gifted it to you on level 4 of the Lair of Beasts)
 11931 | Lair:4   | Found a hole to the Spider Nest.
 12444 | Lair:4   | Found a staircase to the Shoals.
 12951 | Lair:5   | Received a gift from Trog
 12952 | Lair:5   | Got a pitted broad axe {god gift}
 12954 | Lair:5   | Identified the +4 broad axe of Resourcefulness {flame, rF++ Str+4} (Trog gifted it to you on level 5 of the Lair of Beasts)
 13012 | Lair:5   | Noticed Kirke
 13023 | Lair:5   | Killed Kirke
 13258 | Lair:5   | Reached skill level 10 in Dodging
 13785 | Lair:5   | Reached XP level 14. HP: 132/132 MP: 14/14
 13966 | Lair:6   | Received a gift from Trog
 14093 | Lair:6   | Got a transparent scale mail
 14104 | Lair:6   | Identified the +5 scale mail "Xopi" {rElec} (You found it on level 6 of the Lair of Beasts)
 14136 | Lair:6   | Reached skill level 5 in Armour
 15000 | Lair:6   | Got an amber-encrusted chain mail
 15011 | Lair:6   | Identified the cursed +1 chain mail of the Loofah {rN+ MR- Slay+3 Stlth+} (You found it on level 6 of the Lair of Beasts)
 15146 | Lair:7   | Received a gift from Trog
 15343 | Lair:7   | Reached skill level 10 in Armour
 15526 | Lair:7   | Reached XP level 15. HP: 102/138 MP: 15/15
 15898 | Lair:7   | Found a staircase to the Slime Pits.
 16007 | Lair:8   | Entered Level 8 of the Lair of Beasts
 16460 | Lair:8   | Identified the +9 hand crossbow "Orb Guardian's Peril" {venom, rElec rN+ Int+2 Dex+2} (You found it on level 4 of the Dungeon)
 16461 | Lair:8   | Noticed asdu's ghost (powerful CeMo)
 16641 | Lair:1   | Received a gift from Trog
 16715 | Lair:1   | Identified a +6 rod of ignition (10/10) (You found it in a labyrinth)
 16716 | Lair:1   | Identified a +0 rod of inaccuracy (11/11) (You found it on level 3 of the Lair of Beasts)
 16862 | Lair:2   | Killed a one-headed hydra
 17271 | Lair:8   | Killed asdu's ghost
 17662 | Lair:8   | Got a brightly glowing crystal amulet
 17666 | Lair:8   | Identified the amulet of Ekovoimi {rCorr MR+ Str+3} (You found it on level 8 of the Lair of Beasts)
 18155 | Orc:1    | Entered Level 1 of the Orcish Mines
 18160 | Orc:1    | Noticed Maurice
 18503 | Orc:2    | Noticed Harold
 18511 | Orc:2    | Received a gift from Trog
 18512 | Orc:2    | Killed Harold
 18573 | Orc:2    | Found Iphuodd's Armour Boutique.
 18594 | Orc:2    | Bought the +2 helmet of Starshine {rPois Dex+5} for 506 gold pieces
 18594 | Orc:2    | Bought the +2 pair of boots of the Assassin {DetectMon Stab+ Stlth++} for 379 gold pieces
 18619 | Orc:1    | Noticed Nergalle
 18623 | Orc:1    | Killed Nergalle
 18663 | Orc:1    | Killed Maurice
 18798 | Orc:2    | Reached skill level 15 in Armour
 19127 | Orc:3    | Noticed Urug
 19133 | Orc:3    | Killed Urug
 19208 | Orc:3    | Received a gift from Trog
 19211 | Orc:3    | Found a dark tunnel.
 19220 | Volcano  | Entered a volcano
 19567 | Orc:3    | Found a staircase to the Elven Halls.
 19879 | Orc:4    | Entered Level 4 of the Orcish Mines
 19879 | Orc:4    | Found Oliahont's Book Emporium.
 19879 | Orc:4    | Found Gusuvih's Antique Weapon Shop.
 19955 | Orc:4    | Found Miginla's Jewellery Shoppe.
 20113 | Orc:4    | Found Ralill's General Store.
 20185 | Orc:4    | Found Qyetaep's Antique Weapon Boutique.
 20190 | Orc:4    | Reached XP level 16. HP: 146/146 MP: 16/16
 20199 | Orc:4    | Received a gift from Trog
 20329 | Orc:4    | Found Qeyn's Antique Weapon Boutique.
 20366 | Orc:4    | Found Wufolair's Antique Armour Shoppe.
 20533 | Orc:4    | Found Zos Eledd's Antique Armour Boutique.
 20540 | Orc:4    | Bought a jewelled leather armour for 210 gold pieces
 20540 | Orc:4    | Bought a pair of runed boots for 135 gold pieces
 20540 | Orc:4    | Bought a glowing cloak for 135 gold pieces
 20540 | Orc:4    | Bought a faintly glowing cloak for 285 gold pieces
 20564 | Orc:4    | Identified the +4 cloak of Trog's Generosity {rElec rC+} (You bought it in a shop on level 4 of the Orcish Mines)
 20574 | Orc:4    | Identified a +2 pair of boots of running (You bought it in a shop on level 4 of the Orcish Mines)
 20584 | Orc:4    | Identified the +2 leather armour of Vytaarch {*Drain Int+4 Slay+5} (You bought it in a shop on level 4 of the Orcish Mines)
 20892 | D:11     | Noticed a hill giant
 20896 | D:11     | Killed a hill giant
 20906 | D:11     | Noticed Snorg
 20917 | D:11     | Killed Snorg
 20937 | D:11     | Noticed Psyche
 20941 | D:11     | Killed Psyche
 20971 | D:11     | Noticed Sonja
 20976 | D:11     | Killed Sonja
 21159 | D:11     | Killed an unseen horror
 21529 | D:11     | Noticed Maud
 21537 | D:11     | Killed Maud
 21560 | D:11     | Received a gift from Trog
 21560 | D:11     | Reached skill level 15 in Fighting
 21943 | D:12     | Noticed Rupert
 21958 | D:12     | Paralysed by Rupert for 2 turns
 21987 | D:12     | Found Saseimm's Antique Weapon Boutique.
 22043 | D:12     | Killed Rupert
 23323 | D:14     | Found a flickering gateway to a bazaar.
 23357 | D:14     | Found a gate to the Vaults.
 23361 | D:14     | Received a gift from Trog
 23394 | Bazaar   | Entered a bazaar
 23398 | Bazaar   | Found Emuizyo's Armour Boutique.
 23419 | Bazaar   | Found Zaecar's Armour Boutique.
 23427 | Bazaar   | Found Maury's Assorted Antiques.
 23434 | Bazaar   | Found Ceiqych's Food Emporium.
 23447 | Bazaar   | Bought a gluggy blue potion for 37 gold pieces
 23447 | Bazaar   | Bought a grey potion for 37 gold pieces
 23824 | D:14     | HP: 7/155 [white very ugly thing (19)]
 24501 | D:14     | Identified a scroll of acquirement
 24689 | D:14     | Noticed Roxanne
 24709 | D:14     | Killed Roxanne
 24709 | D:14     | Reached XP level 17. HP: 35/165 MP: 17/17
 24942 | D:14     | Got a steaming leather armour
 24961 | D:14     | Identified the +2 leather armour of the Lair of Beasts {Dex+4} (You found it on level 14 of the Dungeon)
 24982 | D:14     | Found a glowing silver altar of Zin.
 25291 | D:15     | Entered Level 15 of the Dungeon
 25308 | D:15     | Received a gift from Trog
 25371 | D:15     | Found a staircase to the Depths.
 25639 | D:15     | Found Caoh Deu's Book Shoppe.
 26319 | Lair:1   | Upgraded the game from 0.17-a0-1399-gd5b76e1 to 0.17-a0-1403-g9df874c
 26498 | Spider:1 | Entered Level 1 of the Spider Nest
 26804 | Spider:1 | Received a gift from Trog
 27748 | Spider:2 | Noticed Jorgrun
 27762 | Spider:2 | Killed Jorgrun
 28642 | Spider:2 | Noticed Nikola
 28660 | Spider:2 | Killed Nikola
 28809 | Spider:3 | Noticed Aizul
 28825 | Spider:3 | Killed Aizul
 30061 | Spider:4 | Entered Level 4 of the Spider Nest
 30099 | Spider:4 | Reached XP level 18. HP: 161/178 MP: 1/18
 30100 | Spider:4 | Received a gift from Trog
 30390 | Spider:4 | Blown up by an orb spider

Vault maps used:
D:1:      dpeg_arrival_rhombus
D:2:      uniq_terence
D:3:      kennysheep_the_goblin_king, makhleb_grotto_becter, nrook_mini_vaults,
          uniq_crazy_yiuf_cottage
D:4:      first_bread
D:5:      lemuel_doored_altar, uniq_pikel, uniq_eustachio
D:6:      grunt_qazlal_sundering, minmay_temple_entry_mist, uniq_grinder
D:7:      vehumet_altar_wand_db, ashenzari_conservatory_becter, serial_shops,
          nicolae_shop_overgrown_old_shop, shop, kennysheep_mini, shop,
          grunt_ogre_cave, minivault_23, uniq_duvessa
D:8:      kennysheep_steamy, tso_metal_star, grunt_dithmenos_smoke, basic_altar,
          uniq_erolcha
D:10:     erik_lair_orcish_takeover, david_orc_3, kennysheep_small_square
D:11:     uniq_snorg, uniq_psyche, uniq_sonja, uniq_maud
D:12:     gargoyle_guard, serial_shops, nicolae_shop_behind_doors, uniq_rupert
D:14:     hangedman_cross_cluster, serial_shops, bzr_entry_water, zin_angel,
          kennysheep_generic_room_11, uniq_roxanne
D:15:     hangedman_depths_entry_civil_slaughter, dk_noncrumbling_3,
          serial_shops, shop
Lair:2:   lemuel_fruit_fields
Lair:3:   portal_ice_cave_entry_ice_beasts, lab_entry_generic
Lair:4:   shoals_dummy_entry, spider_nest_entry_a, ldierk_geyser
Lair:5:   special_room, minmay_hedge_maze, infiniplex_staircase_pool_2,
          uniq_kirke
Lair:6:   st_stairs_6
Lair:7:   dpeg_slime_entry_corner, lemuel_fruit_fields
Lair:8:   minmay_lair_end_frog_pond
Spider:1: spider_trap
Spider:2: uniq_jorgrun, uniq_nikola
Spider:3: uniq_aizul
Spider:4: spider_rune_water
Orc:1:    uniq_maurice, uniq_nergalle
Orc:2:    serial_shops, shop, amalloy_card_club, uniq_harold
Orc:3:    nicolae_volcano_entry_batcave, nicolae_orc_pool_cavern, uniq_urug
Orc:4:    grunt_orc_gardens, grunt_orc_garden, grunt_orc_garden,
          grunt_orc_garden, grunt_orc_garden, serial_shops, shop_statue, shop,
          shop_statue, shop
Lab:      labyrinth_watery, nicolae_lab_lava, nicolae_lab_big_swirl
Bazaar:   bazaar_kb_twisted_cavern
IceCv:    ice_cave_small_dragons
Volcano:  volcano_tomb

Action                   |  1- 3 |  4- 6 |  7- 9 | 10-12 | 13-15 | 16-18 || total
-------------------------+-------+-------+-------+-------+-------+-------++-------
Melee: Hand axe          |   102 |   185 |       |       |       |       ||   287
       War axe           |       |    47 |   365 |    28 |       |       ||   440
       Battleaxe         |       |       |       |   459 |   654 |       ||  1113
       Broad axe         |       |       |       |       |   120 |    49 ||   169
       Executioner's axe |       |       |       |       |   171 |   775 ||   946
Throw: Javelin           |       |     5 |    21 |    16 |     7 |    22 ||    71
Invok: Berserk           |     2 |     4 |     2 |     5 |     5 |     3 ||    21
       Burn Spellbooks   |       |       |     2 |     2 |     2 |     3 ||     9
Evoke: Wand              |       |       |     5 |       |     6 |     1 ||    12
  Use: Scroll            |       |       |     8 |     3 |     5 |     8 ||    24
       Potion            |       |       |       |       |       |     3 ||     3
 Stab: Sleeping          |     2 |       |       |    15 |     6 |     1 ||    24
       Invisible         |       |     2 |       |       |       |       ||     2
       Distracted        |       |       |       |     1 |     1 |       ||     2
  Eat: Chunk             |     1 |    12 |    12 |    27 |    26 |    14 ||    92
       Pizza             |       |       |       |     1 |       |       ||     1
       Bread ration      |       |       |       |     1 |       |     1 ||     2
       Fruit             |       |       |       |       |       |     4 ||     4
       Meat ration       |       |       |       |       |       |     3 ||     3
